 Dungeon Crawl Stone Soup version 0.22-a0-608-g8a62e23 (webtiles) character file.

2797 Lianjan the Quickloader (level 9, -5/121 HPs)
             Began as a Minotaur Hunter on July 9, 2018.
             Was an Initiate of Gozag.
             Slain by a hellwing (11 damage)
             ... on level 6 of the Dungeon.
             The game lasted 00:12:19 (6526 turns).

Lianjan the Quickloader (Minotaur Hunter)           Turns: 6526, Time: 00:12:20

Health: -5/121     AC: 14    Str: 24    XL:     9   Next: 43%
Magic:  8/8        EV: 11    Int: 10    God:    Gozag
Gold:   633        SH:  0    Dex: 10    Spells: 8/8 levels left

rFire    . . .     SeeInvis .   b - +2 great sword (freeze)
rCold    . . .     Gourm    .   (shield currently unavailable)
rNeg     . . .     Faith    .   x - +0 chain mail
rPois    .         Spirit   .   (helmet restricted)
rElec    .         Reflect  .   (no cloak)
rCorr    .         Harm     .   h - +0 pair of gloves
MR       .....                  i - +1 pair of boots
Stlth    ..........             (no amulet)
HPRegen  0.30/turn              u - ring of wizardry
MPRegen  0.11/turn              p - +2 ring of evasion

@: berserking (expiring), gold aura, drained, very quick
A: retaliatory headbutt, horns 2
a: Potion Petition, Call Merchant, Bribe Branch, Renounce Religion


You were on level 6 of the Dungeon.
You worshipped Gozag.
Gozag was pleased with you.
You were not hungry.

You visited 2 branches of the dungeon, and saw 8 of its levels.

You collected 709 gold pieces.
You paid 76 gold pieces to Gozag.

Inventory:

Hand Weapons
 a - a +2 hand crossbow
 b - a +2 great sword of freezing (weapon)
 k - a +0 short sword
 A - a +1 dagger of venom
Missiles
 c - 8 curare-tipped needles
 d - 69 bolts
Armour
 h - a +0 pair of gloves (worn)
 i - a +1 pair of boots (worn)
 o - a +0 buckler
 x - a +0 chain mail (worn)
Jewellery
 e - an uncursed ring of ice
 p - a +2 ring of evasion (right hand)
 u - a ring of wizardry (left hand)
Wands
 w - a wand of polymorph (8)
 C - a wand of clouds (3)
 F - a wand of random effects (32)
Scrolls
 g - 2 scrolls of identify
 q - 7 scrolls of teleportation
 r - 4 scrolls of remove curse
 y - a scroll of enchant weapon
 D - a scroll of enchant armour
 E - a scroll of immolation
Potions
 j - a potion of agility
 l - a potion of brilliance
 m - 2 potions of magic
 n - 2 potions of curing
 s - 3 potions of resistance
 t - a potion of degeneration
 v - a potion of invisibility {unknown}
 z - a potion of berserk rage
 B - a potion of lignification
Comestibles
 f - 10 rations


   Skills:
 + Level 8.1(7.9) Fighting
 * Level 4.3(4.2) Long Blades
 - Level 10.1(9.9) Crossbows
 + Level 7.6(7.4) Armour
 - Level 2.1(2.0) Dodging
 - Level 0.7(0.5) Stealth


You had 8 spell levels left.
You didn't know any spells.
Your spell library was empty.

Dungeon Overview and Level Annotations

Branches:
Dungeon (7/15)             Temple (1/1) D:4

Altars:
Gozag
Hepliaklqana
Makhleb
Nemelex Xobeh
Vehumet
Wu Jian
Xom
The Shining One

Annotations:
D:4 2 runed doors, Piginabag's ghost, amateur OpWn


Innate Abilities, Weirdness & Mutations

You reflexively headbutt those who attack you in melee.
You have a pair of horns on your head.


Message History

The hellwing is moderately wounded.
The hellwing completely misses you.
The hellwing hits you but does no damage.
You barely miss the hellwing. You headbutt the hellwing!
The hellwing is heavily wounded.
The hellwing hits you.
* * * LOW HITPOINT WARNING * * *
The hellwing hits you but does no damage.
You are too berserk!
You are too berserk!
You closely miss the hellwing.
The hellwing is heavily wounded.
The hellwing closely misses you. You furiously retaliate!
You headbutt the hellwing, but do no damage.
The hellwing closely misses you.
You slash the hellwing! You freeze the hellwing.
The hellwing is severely wounded.
The hellwing hits you!
You die...
Your body crumbles into a pile of gold.

#....##........##...#
#....#####..#..##...#
#....# ##.#..##.<.# #
#....# #.#..##.#.# #
#....# #....##.#.# #
#....# ##...##.#.#
####....# #........#
.#.#.#### #(..####.#
......##########@.# #.#
.#.#.#.......# #4># #.#
.............#########.#
.#.#.#.................#
.......................#
.#.#.#######...........#
.........# #...........#
.#.#.#...# #...........#
##.##....# #...........#


You could see a hellwing.

Vanquished Creatures
  Pikel (D:5)
  A hellwing (D:6)
  Sigmund (D:4)
  2 sky beasts
  3 ice beasts
  A slave (D:5)
  An ogre (D:4)
  2 centaurs (D:5)
  A gnoll sergeant (D:5)
  A scorpion (D:6)
  7 wights
  A howler monkey (D:5)
  2 crimson imps
  A centaur zombie (D:5)
  4 hounds
  An iguana (D:5)
  2 bullfrog skeletons
  A centaur skeleton (D:4)
  Ijyb (D:3)
  2 orc wizards (D:4)
  3 worker ants
  A hound zombie (D:5)
  4 hound skeletons
  A worker ant zombie (D:5)
  A howler monkey skeleton (D:6)
  A howler monkey zombie (D:5)
  5 gnolls
  7 adders
  4 worms
  3 dart slugs
  2 leopard geckos (D:4)
  9 orcs
  6 giant cockroaches
  11 goblins
  12 hobgoblins
  5 jackals
  2 quokkas
  A ball python zombie (D:6)
  12 bats
  3 frilled lizards
  A jackal skeleton (D:4)
  7 kobolds
  A quokka zombie (D:5)
  8 rats
146 creatures vanquished.

Vanquished Creatures (others)
  A wight (D:5)
  A centaur zombie (D:5)
2 creatures vanquished.

Grand Total: 148 creatures vanquished

Notes
Turn   | Place    | Note
-------+----------+-------------------------------------------
     0 | D:1      | Lianjan the Minotaur Hunter began the quest for the Orb.
     0 | D:1      | Reached XP level 1. HP: 18/18 MP: 0/0
   120 | D:1      | Reached XP level 2. HP: 18/25 MP: 1/1
   250 | D:1      | Reached skill level 5 in Crossbows
   651 | D:1      | Reached XP level 3. HP: 30/30 MP: 2/2
  1268 | D:2      | Reached skill level 6 in Crossbows
  1350 | D:2      | Reached XP level 4. HP: 37/37 MP: 3/3
  1734 | D:3      | Found a sparkling altar of Nemelex Xobeh.
  1773 | D:3      | Found a hazy altar of Hepliaklqana.
  2126 | D:3      | Found an ornate altar of the Wu Jian Council.
  2131 | D:3      | Noticed Ijyb
  2150 | D:3      | Killed Ijyb
  2248 | D:3      | Reached skill level 7 in Crossbows
  2248 | D:3      | Reached XP level 5. HP: 22/42 MP: 4/4
  2919 | D:4      | Reached skill level 8 in Crossbows
  2952 | D:4      | Noticed an ogre
  2971 | D:4      | Killed an ogre
  2971 | D:4      | Reached XP level 6. HP: 19/50 MP: 5/5
  3242 | D:4      | Found a glowing golden altar of the Shining One.
  3243 | D:4      | Found a runed door.
  3243 | D:4      | Noticed an angel
  3377 | D:4      | Reached skill level 9 in Crossbows
  3421 | D:4      | Noticed Sigmund
  3431 | D:4      | Killed Sigmund
  3431 | D:4      | Reached XP level 7. HP: 49/56 MP: 6/6
  3451 | D:4      | Found a staircase to the Ecumenical Temple.
  3461 | Temple   | Entered the Ecumenical Temple
  3470 | Temple   | Became a worshipper of Gozag Ym Sagoz the Greedy
  3612 | D:4      | Found a runed door.
  3615 | D:4      | Noticed Piginabag's ghost (amateur OpWn)
  3878 | D:5      | Entered Level 5 of the Dungeon
  3953 | D:5      | Reached skill level 10 in Crossbows
  4104 | D:5      | Reached skill level 1 in Armour
  4368 | D:5      | Reached XP level 8. HP: 47/66 MP: 7/7
  4787 | D:5      | Reached skill level 5 in Fighting
  4879 | D:5      | Noticed Pikel
  4899 | D:5      | Killed Pikel
  5407 | D:5      | Reached XP level 9. HP: 59/79 MP: 8/8
  5576 | D:6      | Reached skill level 1 in Long Blades
  6461 | D:7      | Noticed a hellwing
  6461 | D:7      | Noticed a hellwing
  6520 | D:6      | Killed a hellwing
  6524 | D:6      | HP: 5/121 [hellwing (6)]
  6526 | D:6      | Slain by a hellwing

Vault maps used:
D:1:      sevenhm_arrival_forest_fort_large_2
D:2:      first_ration, kennysheep_generic_room_6
D:3:      minmay_door_path, lemuel_doored_altar, old_standard_altar,
          nemelex_diamond_rough_becter, uniq_ijyb
D:4:      temple_doors_e, ebering_ghost_sewer_d, dk_vineyard_3,
          lemuel_angel_altar, uniq_sigmund
D:5:      uniq_pikel
D:6:      st_stairs_9
D:7:      cheibrodos_grave_circle, okawaru_metal_pillars_1_2, zin_treasury,
          uniq_duvessa
Temple:   eino_temple_scatter_basement

Skill      XL: |  1  2  3  4  5  6  7  8  9 |
---------------+----------------------------+-----
Crossbows      | 5 6 7 8 9 10 | 10.1
Fighting       | 4 7 8 |  8.1
Armour         | 3 6 7 |  7.6
Long Blades    | 4 |  4.3
Dodging        | |  2.1
Stealth        | |  0.7

Action                   |  1- 3 |  4- 6 |  7- 9 || total
-------------------------+-------+-------+-------++-------
Melee: Dagger            |    70 |   142 |   194 ||   406
       Headbutt          |    12 |    28 |    37 ||    77
       Short sword       |     1 |       |       ||     1
       Unarmed           |       |    14 |       ||    14
       Great sword       |       |       |    26 ||    26
 Fire: Hand crossbow     |    23 |     1 |    57 ||    81
  Use: Scroll            |       |     9 |     9 ||    18
       Potion            |       |       |     1 ||     1
 Stab: Sleeping          |     1 |       |       ||     1
       Distracted        |       |       |     1 ||     1
  Eat: Chunk             |     1 |     7 |       ||     8
       Ration            |       |       |     3 ||     3
Armor: Leather armour    |    18 |       |       ||    18
       Ring mail         |     4 |    12 |       ||    16
       Skin              |       |     2 |       ||     2
       Chain mail        |       |    55 |   167 ||   222
Dodge: Dodged            |    58 |    68 |   133 ||   259
       Rpst.: Great sword |       |       |     6 ||     6

Table legend:
 A = Spawn XP
 B = Non-spawn XP
 C = Spawn XP percentage of total XP
 D = Spawn monster count
 E = Non-spawn monster count
 F = Spawn count percentage of total count
 G = Total turns spent on level
                    A         B        C        D         E        F      G
               +---------+---------+-------+---------+---------+-------+---------
         Total |       0 |    3997 |   0.0 |       0 |     146 |   0.0 |  6526
               +---------+---------+-------+---------+---------+-------+---------
           D:1 |       0 |      54 |   0.0 |       0 |      31 |   0.0 |   909
           D:2 |       0 |      51 |   0.0 |       0 |      21 |   0.0 |   653
           D:3 |       0 |     154 |   0.0 |       0 |      26 |   0.0 |  1274
           D:4 |       0 |     687 |   0.0 |       0 |      20 |   0.0 |  1023
           D:5 |       0 |    1826 |   0.0 |       0 |      31 |   0.0 |  1601
           D:6 |       0 |    1225 |   0.0 |       0 |      17 |   0.0 |   891
               +---------+---------+-------+---------+---------+-------+---------
